Map: Emerald City LE

Players

Massa - Winner!

  • Race: Terran Terran
  • League: Gold
  • Spawn Location: 11:00

qqq - Winner!

  • Race: Zerg Zerg
  • League: Platinum
  • Spawn Location: 11:00

skinnyman

  • Race: Zerg Zerg
  • League: Platinum
  • Spawn Location: 5:00

MARKUS

  • Race: Protoss Protoss
  • Spawn Location: 5:00

VOD

Have the link to the VOD?

Description

Time

  • Played on: June 9, 2020, 7:21 a.m.
  • Length: 6:28
Show
View Real Time Build Order
Export as new Build Order

Massa Terran - Winner!

Build Orders:  

Get SALT Encoding   

  12  0:06  SCV  
  13  0:18  SCV  
  14  0:24  Supply Depot  
  14  0:30  SCV  
  15  0:46  SCV  
  16  0:58  SCV  
  17  1:10  SCV  
  18  1:23  SCV, Barracks  
  19  1:29  Refinery  
  19  1:30  Refinery  
  19  1:35  SCV  
  20  1:47  SCV  
  21  2:04  SCV  
  22  2:15  Marine  
  23  2:20  Orbital Command  
  23  2:33  Barracks  
  23  2:35  Barracks x2  
  23  2:48  Supply Depot  
  23  2:49  Supply Depot  
  23  3:09  SCV, Factory, Marine  
  25  3:21  SCV, Marine x2  
  25  3:22  Marine  
  29  3:27  Marine  
  30  3:39  Marine x2  
  30  3:40  Supply Depot  
  32  3:45  Marine  
  33  3:52  Marine  
  33  3:54  Factory Tech Lab  
  34  3:57  Marine x2  
  34  4:02  Supply Depot  
  36  4:03  Marine  
  37  4:10  Marine  
  37  4:14  Marine  
  37  4:15  Marine  
  40  4:20  Siege Tank  
  40  4:21  Marine  
  44  4:28  Marine  
  44  4:30  Supply Depot  
  45  4:32  Marine  
  45  4:33  Marine  
  47  4:39  Marine  
  47  4:45  Marine  
  47  4:50  Marine  
  47  4:51  Marine  
  49  4:53  Siege Tank  
  49  4:56  Marine  
  53  5:03  Marine  
  54  5:11  Marine  
  54  5:12  Marine  
  56  5:14  Marine  
  56  5:21  Marine  
  56  5:29  Marine x2  
  56  5:32  Marine  
  55  5:39  Marine  
  55  5:47  Marine x2  
  56  5:50  Marine  
  56  5:56  Siege Tank  
  56  5:57  Marine  
  56  6:05  Marine x2  
  56  6:08  Marine  
Show
View Real Time Build Order
Export as new Build Order

qqq Zerg - Winner!

Build Orders: Hatch First 

Get SALT Encoding   

  12  0:03  Drone  
  13  0:08  Drone  
  14  0:37  Hatchery  
  13  0:52  Spawning Pool  
  12  1:00  Overlord  
  12  1:05  Drone  
  12  1:08  Drone  
  14  1:18  Extractor  
  14  1:20  Drone  
  14  1:33  Drone  
  15  1:45  Queen  
  17  1:49  Queen  
  17  1:50  Drone  
  20  2:00  Drone  
  21  2:07  Overlord  
  21  2:09  Drone  
  21  2:11  Drone  
  21  2:15  Drone  
  24  2:18  Zergling x2  
  25  2:34  Zergling x2  
  25  2:35  Metabolic Boost  
  26  2:41  Baneling Nest  
  26  2:42  Zergling x2  
  26  2:59  Zergling x4  
  26  3:00  Drone x2  
  26  3:03  Drone, Zergling x2  
  26  3:05  Overlord  
  32  3:09  Zergling x2  
  32  3:12  Drone  
  34  3:16  Zergling x2  
  35  3:24  Zergling x4  
  35  3:25  Drone  
  38  3:30  Overlord  
  38  3:42  Zergling x6  
  38  3:43  Drone, Zergling x2  
  43  3:50  Baneling x2  
  43  3:51  Baneling x5  
  43  3:54  Zergling x2  
  44  3:58  Zergling x2  
  44  4:00  Zergling x2  
  46  4:06  Zergling x2  
  46  4:07  Drone  
  46  4:08  Zergling x2  
  49  4:25  Zergling x6  
  49  4:27  Overlord x3  
  49  4:47  Zergling x4  
  49  4:48  Zergling x4  
  46  5:05  Zergling x4  
  47  5:27  Zergling x8  
  47  5:28  Zergling x12  
  54  5:49  Zergling x4  
  54  5:50  Zergling x2  
Show
View Real Time Build Order
Export as new Build Order

skinnyman Zerg 

Build Orders: Pool First 

Get SALT Encoding   

  12  0:01  Drone  
  13  0:12  Overlord  
  13  0:18  Drone  
  14  0:22  Extractor  
  14  0:23  Drone  
  14  0:32  Drone  
  14  0:35  Drone  
  16  0:48  Drone  
  17  1:04  Drone  
  17  1:05  Spawning Pool  
  17  1:24  Drone x2  
  19  1:30  Drone  
  20  1:39  Drone  
  21  1:54  Roach Warren  
  21  1:59  Hatchery  
  21  2:01  Drone x2  
  21  2:08  Extractor, Queen  
  22  2:21  Overlord  
  22  2:39  Drone x2  
  24  2:45  Lair  
  24  2:48  Metabolic Boost  
  24  2:50  Evolution Chamber  
  23  3:12  Drone  
  24  3:13  Queen  
  24  3:19  Zergling x2  
  28  3:20  Zergling x4  
  28  3:23  Drone  
  30  3:31  Spine Crawler  
  30  3:33  Drone  
  30  3:36  Zerg Ground Armor Level 1  
  30  3:43  Drone  
  31  3:54  Queen  
  33  3:56  Drone  
  33  4:00  Glial Reconstitution  
  34  4:07  Roach  
  36  4:25  Overlord x2  
  36  4:28  Spine Crawler  
  35  4:31  Spine Crawler  
  35  4:38  Roach  
  36  4:40  Overlord x2  
  33  4:53  Zergling x2  
  33  4:54  Zergling x8  
  38  5:04  Roach x3  
  39  5:23  Roach  
  39  5:24  Roach x2  
  45  5:31  Roach x3  
  45  5:32  Roach  
  53  5:41  Roach x2  
  55  5:49  Roach  
  53  5:54  Roach  
  43  6:05  Ravager x2  
  43  6:10  Ravager  
Show
View Real Time Build Order
Export as new Build Order

MARKUS Protoss 

Build Orders:  

Get SALT Encoding   

  12  0:03  Probe  
  13  0:15  Probe  
  13  0:20  Pylon  
  14  0:32  Probe (Chrono Boost)  
  15  0:44  Probe (Chrono Boost), Gateway  
  16  0:50  Assimilator  
  16  0:53  Probe (Chrono Boost)  
  17  0:58  Probe  
  18  1:04  Pylon  
  18  1:10  Probe (Chrono Boost)  
  19  1:20  Assimilator  
  19  1:23  Probe (Chrono Boost)  
  20  1:30  Probe (Chrono Boost)  
  21  1:36  Cybernetics Core  
  21  1:37  Probe  
  22  1:49  Probe  
  23  2:01  Probe  
  24  2:17  Stalker  
  26  2:28  Robotics Facility  
  26  2:33  Gateway  
  26  2:47  Stalker  
  27  2:59  Nexus  
  27  3:01  Pylon  
  27  3:07  Probe  
  28  3:17  Stalker  
  28  3:19  Immortal (Chrono Boost)  
  34  3:32  Stalker  
  36  3:45  Probe  
  36  3:47  Stalker  
  39  3:55  Pylon  
  39  4:09  Pylon  
  39  4:11  Probe, Observer  
  39  4:13  Pylon  
  41  4:20  Stalker  
  44  4:24  Shield Battery  
  44  4:26  Probe (Chrono Boost)  
  44  4:27  Probe (Chrono Boost)  
  45  4:38  Probe (Chrono Boost)  
  46  4:42  Probe (Chrono Boost)  
  46  4:43  Stalker  
  39  5:14  Shield Battery  
  5  5:58  Probe (Chrono Boost)  
  2  6:08  Probe (Chrono Boost)  
  3  6:13  Probe (Chrono Boost)  
Tags
 
Add a new tag
Caveats
  • Supply blocks, unpowered buildings, or Contaminate may cause inaccurate times.
  • Supply counts are checked every 10 seconds.